 Dungeon Crawl Stone Soup version 0.17-a0-1802-g9847487 (console) character file.

198 Illiel the Archer (level 5, 0/34 HPs)
             Began as a High Elf Hunter on Sept 11, 2015.
             Shot with an arrow by a centaur (12 damage)
             ... on level 4 of the Dungeon.
             The game lasted 00:09:05 (2352 turns).

Illiel the Archer (High Elf Hunter)                 Turns: 2352, Time: 00:09:05

Health: 0/34       AC:  4    Str: 11    XL:     5   Next: 47%
Magic:  6/6        EV: 15    Int: 15    God:
Gold:   125        SH:  0    Dex: 16    Spells: 0 memorised, 4 levels left

rFire  . . .     SeeInvis .     a - +1 shortbow
rCold  . . .     Clarity  .     d - +0 leather armour
rNeg   . . .     SustAt   .     (no shield)
rPois  .         Gourm    .     z - +0 helmet
rElec  .         Spirit   .     (no cloak)
rCorr  .         Warding  .     (no gloves)
rMut   .         Stasis   .     (no boots)
MR     .....                    B - amulet of regeneration
Stlth  ++........               y - +3 ring of evasion
                                r - ring of wizardry

@: lethally poisoned (0 -> 0), not resistant to hostile enchantments, unstealthy
A: no striking features
a: no special abilities


You were on level 4 of the Dungeon.
You were very full.

You visited 1 branch of the dungeon, and saw 4 of its levels.

You collected 125 gold pieces.

Inventory:

Hand weapons
 a - a +1 shortbow (weapon)
 c - a +0 short sword
Missiles
 b - 4 arrows (quivered)
Armour
 d - a +0 leather armour (worn)
 z - a +0 helmet (worn)
Jewellery
 n - an uncursed amulet of the gourmand
 r - a ring of wizardry (left hand)
 y - a +3 ring of evasion (right hand)
 A - an uncursed amulet of rage
 B - an amulet of regeneration (around neck)
Scrolls
 f - a scroll of remove curse
 i - 3 scrolls of identify
 k - 2 scrolls of amnesia {unknown}
 m - a scroll of recharging {unknown}
 o - 4 scrolls of teleportation {unknown}
 q - a scroll of immolation {unknown}
 s - a scroll of enchant weapon {unknown}
 t - 2 scrolls of fog {unknown}
 u - a scroll of enchant armour {unknown}
 v - a scroll of magic mapping {unknown}
 w - a scroll of fear {unknown}
 C - a scroll of blinking {unknown}
Potions
 g - a potion of might
 j - 2 potions of brilliance
 l - a potion of haste
 p - a potion of flight {unknown}
 x - 3 potions of curing
Comestibles
 e - 4 bread rations
 h - 5 meat rations
 D - 3 chunks of flesh


   Skills:
 - Level 2.0 Fighting
 * Level 9.0 Bows
 - Level 2.1 Dodging
 - Level 1.1 Stealth


You had 4 spell levels left.
You didn't know any spells.

Dungeon Overview and Level Annotations

Branches:
Dungeon (4/15)
 Temple: D:4-7

Altars:

Annotations:
D:4 Rationalist's ghost, experienced FoFi


Message History

You feel sick.
The centaur wields a shortbow.
The centaur shoots an arrow.
The arrow hits you!
Firing (i - inventory):
b - 7 arrows (quivered)
Press: ? - help, Shift-Dir - straight line, f/p - centaur
Aim: a centaur, wielding a shortbow You shoot an arrow.
The arrow hits the centaur but does no damage.
The centaur shoots an arrow.
The arrow hits you.
Firing (i - inventory):
b - 6 arrows (quivered)
Press: ? - help, Shift-Dir - straight line, f/p - centaur
Aim: a centaur, wielding a shortbow You shoot an arrow.
The arrow hits the centaur but does no damage.
Firing (i - inventory):
b - 5 arrows (quivered)
Press: ? - help, Shift-Dir - straight line, f/p - centaur
Aim: a centaur, wielding a shortbow You shoot an arrow.
The arrow completely misses the centaur.
You feel sick.
The centaur shoots an arrow.
The arrow hits you!
You die...

▒∙ ▒∙▒ ▒∙▒∙▒▒▒▒▒▒▒
▒∙▒∙∙∙∙∙∙∙▒
▒∙▒∙∙∙∙∙∙∙▒ ▒
▒∙▒∙∙∙∙∙∙∙▒ ∙
▒∙▒(▒∙∙∙∙∙∙∙▒▒▒∙∙∙
▒∙▒(▒∙∙∙∙[∙∙∙∙∙∙∙▒
▒∙∙∙(∙<∙∙∙∙∙▒∙∙∙∙∙
▒▒▒▒∙@∙▒▒▒▒▒∙▒∙▒∙∙∙
▒(c∙∙▒∙▒ ▒∙▒ ▒ ▒▒
▒(▒▒▒▒∙▒ ▒∙▒ ▒ ▒∙▒
∙∙ ▒∙$ ∙▒ ▒▒▒ ∙∙ ∙∙
▒ ∙▒▒> ▒▒∙∙o∙


∙∙Z∙∙∙ ∙o∙c▒ ▒▒∙o∙∙▒ ▒<∙▒ ▒∙∙▒ ▒$∙l∙ You could see a centaur.

Vanquished Creatures
  A centaur skeleton (D:3)
  2 worker ants (D:4)
  5 adders
  An ooze (D:1)
  A worm (D:2)
  8 giant geckos
  2 orcs (D:3)
  5 bats
  5 giant cockroaches
  9 hobgoblins
  8 kobolds
  2 quokkas (D:2)
  2 giant newts (D:3)
  2 goblins (D:1)
  6 jackals
  A quokka skeleton (D:4)
  7 rats
67 creatures vanquished.

Notes
Turn   | Place    | Note
--------------------------------------------------------------
     0 | D:1      | Illiel the High Elf Hunter began the quest for the Orb.
     0 | D:1      | Reached XP level 1. HP: 14/14 MP: 2/2
    42 | D:1      | Reached XP level 2. HP: 19/19 MP: 3/3
    44 | D:1      | Reached skill level 6 in Bows
   199 | D:1      | Reached XP level 3. HP: 24/24 MP: 4/4
   536 | D:2      | Reached skill level 7 in Bows
   983 | D:2      | Reached XP level 4. HP: 18/29 MP: 5/5
  1504 | D:3      | Reached skill level 8 in Bows
  1612 | D:3      | Reached XP level 5. HP: 34/34 MP: 6/6
  2137 | D:4      | Noticed a centaur
  2230 | D:4      | Noticed Rationalist's ghost (experienced FoFi)
  2342 | D:4      | Reached skill level 9 in Bows
  2352 | D:4      | Shot with an arrow by a centaur

Vault maps used:
D:1:      lightli_arrival_lavapool
D:2:      first_bread, hangedman_abyss_or_decor_lesser_grid
D:4:      uniq_grinder

Action                   |  1- 3 |  4- 6 || total
-------------------------+-------+-------++-------
Melee: Unarmed           |     1 |       ||     1
 Fire: Shortbow          |   105 |   118 ||   223
  Use: Scroll            |       |     5 ||     5
       Potion            |       |     1 ||     1
  Eat: Chunk             |     2 |    14 ||    16
